 Dungeon Crawl Stone Soup version 0.24.0-13-gcf9b319 (webtiles) character file.

Game seed: 10711174721772392758, levelgen mode: deterministic

29 Dietz the Scratcher (level 3, 0/15 HPs)
             Began as a Felid Transmuter on Nov 26, 2019.
             Slain by a goblin (2 damage)
             ... on level 2 of the Dungeon.
             The game lasted 00:02:09 (1196 turns).

Dietz the Scratcher (Felid Transmuter)              Turns: 1196, Time: 00:02:10

Health: 0/15       AC:  1    Str:  6    XL:     3   Next: 1%
Magic:  3/7        EV: 15    Int: 14    God:
Gold:   34         SH:  0    Dex: 17    Spells: 3/6 levels left
                                        Lives:  0   Deaths: 0

rFire    . . .     SeeInvis +     - Unarmed
rCold    . . .     Gourm    .   (shield unavailable)
rNeg     . . .     Faith    .   (armour unavailable)
rPois    .         Spirit   .   (helmet unavailable)
rElec    .         Reflect  .   (cloak unavailable)
rCorr    .         Harm     .   (gloves unavailable)
MR       .....                  (boots unavailable)
Stlth    ++........             (no amulet)
HPRegen  0.05/turn              (no ring)
MPRegen  0.10/turn              (no ring)

@: very slightly contaminated, constricted, quick
A: very small, no armour, no weapons or thrown items, stealth, claws 1, fangs 3,
see invisible, carnivore, speed 1, shaggy fur 1, slow metabolism 1, sharp paws
a: no special abilities


You were on level 2 of the Dungeon.
You were completely stuffed.

You visited 1 branch of the dungeon, and saw 2 of its levels.

You collected 34 gold pieces.

Inventory:

Missiles
 a - 29 arrows
Scrolls
 b - a scroll of blinking {unknown}
 g - a scroll of identify {unknown}
 h - a scroll of noise {unknown}
Potions
 e - a potion of degeneration {unknown}
 f - 2 potions of magic {unknown}
Comestibles
 c - 4 rations
 d - a chunk of flesh


   Skills:
 - Level 1.0 Fighting
 - Level 2.6 Dodging
 + Level 4.2 Unarmed Combat
 - Level 2.0 Spellcasting
 - Level 2.1 Transmutations


You had 3 spell levels left.
You knew the following spells:

 Your Spells              Type           Power        Failure   Level  Hunger
a - Beastly Appendage     Tmut           #.....       10%         1    ##.....
b - Sticks to Snakes      Tmut           #.......     14%         2    ###....

Your spell library contained the following spells:

 Spells                   Type           Power        Failure   Level  Hunger
 Spider Form              Tmut/Pois      #.........   41%         3    ####...
 Ice Form                 Ice/Tmut       #.......     83%         4    #####..
 Blade Hands              Tmut           #.........   95%         5    ######.


Dungeon Overview and Level Annotations

Branches:
Dungeon (2/15)

Altars:
Cheibriados
Dithmenos


Innate Abilities, Weirdness & Mutations

You cannot wear armour.
You are incapable of wielding weapons or throwing items.
Your paws allow you to move quietly. (Stealth)
You have sharp claws.
You have razor-sharp teeth.
You have supernaturally acute eyesight. (SInv)
You are carnivorous and can eat meat at any time.
You cover ground quickly.
You are covered in fur. (AC +1)
You have a slow metabolism.
Your sharp claws are effective at attacking unaware monsters.


Message History

The ball python is moderately wounded.
The goblin hits you. The ball python bites you.
* * * LOW HITPOINT WARNING * * *
The ball python constricts you.
You are too injured to fight recklessly!
You escape the ball python's grasp.
Your horns disappear.
Casting: Beastly Appendage (safe; 10% risk of failure)
Confirm with . or Enter, or press ? or * to list all spells.
You miscast Sticks to Snakes.
You are very lightly contaminated with residual magic.
You feel a strange surge of energy! The goblin hits you.
* * * LOW HITPOINT WARNING * * *
Casting: Sticks to Snakes (safe; 14% risk of failure)
Confirm with . or Enter, or press ? or * to list all spells.
You miscast Sticks to Snakes.
Your skin glows momentarily.
The ball python closely misses you. The ball python grabs you.
* * * LOW HITPOINT WARNING * * *
The ball python constricts you. The goblin hits you.
You die...

#..# #..# #..#
#.##.###..#
#.........##
####.###.#.#
#<###..###
#...Sg...#
..#....@...#
#.#........#######
#...............).
##..........######
.................#
##.........#..#.#
##.....†...#.....
#......)...#.....#
#.####.#.#.#._8_.#


You could see a goblin and a ball python.

Vanquished Creatures
  A leopard gecko (D:1)
  4 giant cockroaches
  2 goblins
  3 hobgoblins (D:1)
  3 jackals (D:1)
  5 bats (D:1)
  2 frilled lizards (D:1)
  2 kobolds (D:1)
  2 rats (D:1)
24 creatures vanquished.

Notes
Turn   | Place    | Note
-------+----------+-------------------------------------------
     0 | D:1      | Dietz the Felid Transmuter began the quest for the Orb.
     0 | D:1      | Reached XP level 1. HP: 9/9 MP: 4/4
   171 | D:1      | Reached XP level 2. HP: 8/12 MP: 4/6
   365 | D:1      | Learned a level 2 spell: Sticks to Snakes
   669 | D:1      | Reached skill level 4 in Unarmed Combat
  1139 | D:2      | Found a shadowy altar of Dithmenos.
  1139 | D:2      | Found a snail-covered altar of Cheibriados.
  1186 | D:2      | Reached XP level 3. HP: 12/15 MP: 7/7
  1196 | D:2      | Slain by a goblin

Levels and vault maps discovered:
D:1:      lightli_arrival_lavapool, layout_basic
D:2:      layout_loops_ring, chequers_temple_overflow_statue_of_worship,
          nicolae_overflow_crystal_walls

Skill      XL: |  1  2 |
---------------+-------+-----
Unarmed Combat | 4 |  4.2
Fighting       | |  1.0
Dodging        | |  2.6
Spellcasting   | |  2.0
Transmutations | |  2.1

Action                   || total
-------------------------++-------
Melee: Unarmed           ||    71
       Headbutt          ||     7
       Punch             ||     2
       Bite              ||     4
 Cast: Beastly Appendage ||     7
 Stab: Sleeping          ||     5
  Eat: Chunk             ||     8
Armor: Skin              ||     4
Dodge: Dodged            ||    71
